Unix NetHack Version 5.0.0-0 post-release - last build May 10 2026 23:12:36 (d1fa5d53e341ca933230fdaa984d921c805b60aa,branch:main).

Game began 2026-05-13 18:26:03, ended 2026-05-13 19:49:56.

BeardyHaddock, neutral male gnomish Archeologist

                                                   ###
                                                   #.
                                               #   #x### ##
                                               .   #@i.# .
           # #     # #########   # ##  # # # ###.#####.#.# ##### ### #
       #   #..     #..........   #...  #.. #...........#.#...........# #  .
    .......................................................................
    ..+....................................................................
    ................................................(......................
    ..................(.!.....................%.......<.............?......

BeardyHaddock the Investigator  St:9 Dx:11 Co:16 In:18 Wi:15 Ch:8  Neutral
Dlvl:11 $:2213 HP:0(64) Pw:15(36) AC:5  Xp:8 T:9022  Weak     Burdened

Latest messages:
 The tengu appears next to you!
 You hit the tengu.
 The tengu bites!
 The tengu bites!
 You hit the tengu!
 The tengu bites!
 The tengu bites!
 You kill the tengu!
 The tengu bites!
 You hit the tengu!
 You hit the tengu.
 The xan scratches your left boot!
 The tengu bites!
 The xan scratches your right boot!
 You miss the xan.
 The xan scratches your right boot!
 The tengu bites!
 You miss the xan.
 The xan pricks through your right boot!
 The tengu bites!
 You miss the xan.
 The xan scratches your right boot!
 You miss the xan.
 The xan scratches your left boot!
 The tengu bites!
 In what direction? 8
 The spell misses the xan.
 The xan scratches your right boot!
 In what direction? 8
 The spell misses the xan.
 The xan scratches your right boot!
 The tengu bites!
 You are beginning to feel weak.
 In what direction? #
 The magical energy is released!
 The spell misses the xan.
 Your movements are slowed slightly because of your load.
 The xan scratches your left boot!
 Are you sure you want to pray? [yn] (n) y
 You begin praying to Camaxtli.
 The xan scratches your right boot!
 The tengu bites!
 The xan scratches your left boot!
 The tengu bites!
 You die...
 Do you want your possessions identified? [ynq] (y) y
 Do you want to see your attributes? [ynq] (y) y
 Do you want an account of creatures vanquished? [ynaq] (y) n
 Do you want to see your conduct and achievements? [ynq] (y) n
 Do you want to see the dungeon overview? [ynq] (y) n

Inventory:
 Coins    ('$')
  $ - 2213 gold pieces
 Amulets  ('"')
  a - an uncursed amulet of guarding
  W - an uncursed amulet versus poison
 Weapons  (')')
  P - a +1 dwarvish mattock (weapon in hands)
 Armor    ('[')
  H - an uncursed +0 elven leather helm (being worn)
  Y - an uncursed very burnt +0 pair of water walking boots (being worn)
  b - an uncursed burnt +4 leather jacket (being worn)
 Comestibles  ('%')
  T - an uncursed food ration
 Scrolls  ('?')
  k - a blessed scroll of teleportation
  M - 3 uncursed scrolls of teleportation
 Spellbooks  ('+')
  Q - an uncursed spellbook of force bolt
 Potions  ('!')
  v - a cursed potion of enlightenment
  p - a blessed potion of healing
 Rings    ('=')
  Z - a blessed +1 ring of gain constitution
  S - an uncursed ring of regeneration
 Wands    ('/')
  E - a wand of cold (0:0)
  C - a wand of create monster (0:12)
  V - a wand of magic missile (0:5)
  B - a wand of polymorph (0:7)
  x - a wand of polymorph (0:5)
  z - a wand of speed monster (0:6)
 Tools    ('(')
  n - an empty uncursed bag of holding
  F - an uncursed blindfold
  q - an uncursed leash
  J - an uncursed mirror
  y - an uncursed oil lamp (lit)
  L - an uncursed skeleton key
  i - an uncursed stethoscope
  f - a tinning kit (0:59)
 Gems/Stones  ('*')
  w - an uncursed worthless piece of white glass
  O - an uncursed luckstone
  g - an uncursed touchstone

BeardyHaddock the Archeologist's attributes:

Background:
 You were an Investigator, a level 8 male gnomish Archeologist.
 You were neutral, on a mission for Camaxtli
 who was opposed by Quetzalcoatl (lawful) and Huhetotl (chaotic).
 You were right-handed.
 You were in the Dungeons of Doom, on level 11, a very big room.
 You entered the dungeon 9022 turns ago.
 You had 2446 experience points, 114 more were needed to attain level 9.

Basics:
 You had 0 out of 64 hit points.
 You had 15 out of 36 energy points (spell power).
 Your armor class was 5.
 Your wallet contained 2213 zorkmids.
 Autopickup was off.

Final Characteristics:
 Your strength was 9 (base:10, peak:11, limit:18/50).
 Your dexterity was 11 (base:12, limit:18).
 Your constitution was 16 (limit:18).
 Your intelligence was 18 (limit:19).
 Your wisdom was 15 (limit:18).
 Your charisma was 8 (limit:18).

Final Status:
 You had a wounded right leg.
 You were weak from severe hunger.
 You were burdened; movement was slightly slowed.
 You were wielding a mattock.
 You had expert skill with pick-axe.

Final Attributes:
 You were piously aligned.
 You were telepathic.
 You had automatic searching.
 You had infravision.
 You were stealthy.
 You could walk on water.
 You were fast.
 You were unlucky.
 You had extra luck.
 Bad luck did not time out for you.
 Good luck did not time out for you.
 Camaxtli was angry with you.
 You are dead.

Miscellaneous:
 You didn't encounter any bones levels.
 Total elapsed playing time was 1 hour, 23 minutes and 53 seconds.

Major events:
 Turn
    1: BeardyHaddock the neutral male gnomish Archeologist entered the dungeon
 1130: attained the rank of Field Worker (level 3)
 2880: entered the Gnomish Mines
 3602: reached Mine Town
 3695: attained the rank of Investigator (level 6)
 5382: consulted the Oracle
 9007: entered the Bigroom
 9022: killed by a tengu, while praying

Spells:
 Name                 Level Category     Fail Retention
 knock                  1   matter         0%   51%-75%
 healing                1   healing        0%   51%-75%
 force bolt             1   attack         0%   61%-70%
 drain life             2   attack         0%   61%-70%
 detect food            2   divination    59%   51%-75%
 light                  1   divination     0%  76%-100%

Skills:
 Fighting Skills
   bare handed combat [Unskilled]
   two weapon combat  [Unskilled]
   riding             [Unskilled]
 Weapon Skills
   dagger             [Unskilled]
   knife              [Unskilled]
   pick-axe           [Expert]
   short sword        [Unskilled]
   saber              [Unskilled]
   club               [Unskilled]
   quarterstaff       [Unskilled]
   sling              [Unskilled]
   dart               [Unskilled]
   boomerang          [Unskilled]
   whip               [Basic]
   unicorn horn       [Unskilled]
 Spellcasting Skills
   attack spells      [Basic]
   healing spells     [Unskilled]
   divination spells  [Unskilled]
   matter spells      [Unskilled]

Voluntary challenges:
 Character rerolling was not enabled.
 You never genocided any monsters.
 You never changed form.
 You used no wishes.
Achievements:
 You attained the rank of Field Worker.
 You entered a shop.
 You entered the Gnomish Mines.
 You entered Minetown.
 You attained the rank of Investigator.
 You entered a temple.
 You consulted the Oracle of Delphi.
 You entered the Big Room.

 The Dungeons of Doom: levels 1 to 11
    Level 1:
       An altar, many fountains.
    Level 2:
       Some fountains.
    Level 3:
       A wand shop.
    Level 4:
       Stairs down to The Gnomish Mines.
    Level 5:
       Many fountains.
       Oracle of Delphi.
    Level 6:
       A sink.
    Level 7:
       Some shops.
    Level 8:
       An altar.
    Level 9:
       A fountain, a grave.
    Level 10:
    Level 11: <- You were here.
       Many trees.
       A very big room.
       Final resting place for
          you, killed by a tengu, while praying.
 The Gnomish Mines: levels 5 to 7
    Level 5:
    Level 6:
    Level 7:
       Many shops, a temple and an altar, many fountains.


Vanquished creatures:
  a giant mimic
  a large mimic
  2 small mimics
  2 large cats
  a tengu
 an ochre jelly
 an elf mummy
  2 red nagas
  a leather golem
  a watchman
  2 chameleons
  a giant beetle
  2 quivering blobs
  a wolf
  a winter wolf cub
  2 leprechauns
 an iron piercer
  3 orc mummies
  a dwarf mummy
  a gold golem
  2 Green-elves
  2 dingoes
  a housecat
  2 jaguars
  2 Woodland-elves
  a soldier ant
  a fire ant
  2 bugbears
 an imp
  2 wood nymphs
  2 water nymphs
  a mountain nymph
  3 Uruk-hai
 an orc shaman
  3 rock piercers
  2 rock moles
  a pony
  a fog cloud
  4 yellow lights
  2 shriekers
  a violet fungus
  3 gnome leaders
  a kobold mummy
  2 gray oozes
  2 elf zombies
  a ghoul
  a straw golem
  a giant ant
  a little dog
  2 floating eyes
  2 kittens
  5 dwarves
  2 homunculi
  3 kobold leaders
  5 kobold shamans
  3 hill orcs
 10 rothes
  3 rabid rats
  2 centipedes
  2 orc zombies
  4 dwarf zombies
  a werejackal
  4 iguanas
  5 killer bees
  3 acid blobs
  a coyote
  4 gas spores
  a hobbit
 16 manes
  7 hobgoblins
  3 giant rats
  2 cave spiders
  2 yellow molds
  9 gnomes
  3 garter snakes
  2 gnome zombies
  7 geckos
  5 jackals
  2 foxes
  2 kobolds
  2 goblins
  4 sewer rats
 10 grid bugs
  9 lichens
  5 kobold zombies
  8 newts
237 creatures vanquished.

No species were genocided or became extinct.

Game over:
                       ----------
                      /          \
                     /    REST    \
                    /      IN      \
                   /     PEACE      \
                  /                  \
                  |  BeardyHaddock   |
                  |     2213 Au      |
                  |   killed by a    |
                  |      tengu       |
                  |                  |
                  |                  |
                  |       2026       |
                 *|     *  *  *      | *
        _________)/\\_//(\/(/\)/\//\/|_)_______

Goodbye BeardyHaddock the Archeologist...

You died in The Dungeons of Doom on dungeon level 11 with 12377 points,
and 2213 pieces of gold, after 9022 moves.
You were level 8 with a maximum of 64 hit points when you died.

